 Dungeon Crawl Stone Soup version 0.28-a0-43-g560ac104fe (webtiles) character file.

Game seed: 2110557331502634450

8356 hYBRISjENS the Cleaver (level 11, -17/104 HPs)
             Began as a Minotaur Fighter on July 28, 2021.
             Was a Believer of the Shining One.
             Demolished by an orc warlord (29 damage)
             ... on level 9 of the Dungeon.
             The game lasted 01:02:12 (13687 turns).

hYBRISjENS the Cleaver (Minotaur Fighter)          Turns: 13687, Time: 01:02:12

Health: -17/104    AC: 12    Str: 30      XL:     11   Next: 8%
Magic:  8/11       EV: 10    Int:  5      God:    the Shining One [**....]
Gold:   578        SH: 20    Dex:  9 (10) Spells: 12/12 levels left

rFire   . . .      SeeInvis .   a - +0 war axe (elec)
rCold   . . .      Faith    .   c - +1 kite shield
rNeg    + . .      Spirit   .   w - +0 acid dragon scales
rPois   .          Reflect  .   (helmet restricted)
rElec   .          Harm     .   (no cloak)
rCorr   +          Rampage  .   (no gloves)
Will    .....                   j - +0 pair of boots
Stlth   +.........              (no amulet)
HPRegen 0.27/turn               v - +4 ring of protection
MPRegen 0.12/turn               x - +6 ring of strength

@: divinely shielded, glowing
A: horns 2, retaliatory headbutt
a: Renounce Religion, Divine Shield


You were on level 9 of the Dungeon.
You worshipped the Shining One.
The Shining One was pleased with you.
You visited 2 branches of the dungeon, and saw 11 of its levels.

You collected 578 gold pieces.

Inventory:

Hand Weapons
 a - a +0 war axe of electrocution (weapon)
 t - a +1 mace of freezing
Missiles
 d - 6 throwing nets (quivered)
Armour
 c - a +1 kite shield (worn)
 j - a +0 pair of boots (worn)
 w - +0 acid dragon scales (worn)
Jewellery
 g - a ring of willpower
 m - a ring of protection from fire
 q - a ring of protection from cold
 v - a +4 ring of protection (left hand)
 x - a +6 ring of strength (right hand)
Wands
 i - a wand of polymorph (8)
 n - a wand of paralysis (25)
 o - a wand of acid (11)
Scrolls
 e - a scroll of enchant armour
 l - a scroll of fog
Potions
 b - a potion of brilliance
 k - a potion of cancellation
 p - 3 potions of curing
 s - a potion of heal wounds


   Skills:
 + Level 11.9 Fighting
 * Level 13.0 Axes
 - Level 2.0(8.8) Maces & Flails
 - Level 3.6 Armour
 + Level 10.8 Shields
 - Level 1.0 Spellcasting


You had 12 spell levels left.
You didn't know any spells.
Your spell library was empty.

Dungeon Overview and Level Annotations

Branches:
Dungeon (10/15)            Temple (0/1) D:6             Orc (1/2) D:9
   Lair: D:8-11

Altars:
Dithmenos
Hepliaklqana
The Shining One
Beogh

Shops:
D:3 *   D:5 *[

Annotations:
D:5 3 runed translucent doors, hemabe71's ghost, novice HuAr


Innate Abilities, Weirdness & Mutations

You have a pair of horns on your head.
You reflexively headbutt those who attack you in melee.


Message History

The orc warlord is lightly wounded.
The orc warlord hits you with a +0 great mace!
You hit the orc warlord.
Lightning courses through the orc warlord!
The orc warlord is moderately wounded.
The orc warlord closely misses you.
You hit the orc warlord. You headbutt the orc warlord.
The orc warlord is heavily wounded.
The orc warlord hits you with a +0 great mace!!
You barely miss the orc warlord.
The orc warlord is heavily wounded.
The orc warlord hits you with a +0 great mace!
* * * LOW HITPOINT WARNING * * *
You feel much better.
The orc warlord hits you with a +0 great mace!!
* * * LOW HITPOINT WARNING * * *
Your shield is strengthened by the Shining One's divine power.
The orc warlord barely misses you.
You are too injured to fight recklessly!
You hit the orc warlord.
You headbutt the orc warlord, but do no damage.
The orc warlord is heavily wounded.
You block the orc warlord's attack.
You hit the orc warlord.
Lightning courses through the orc warlord!
The orc warlord is heavily wounded.
The orc warlord hits you with a +0 great mace!
* * * LOW HITPOINT WARNING * * *
You hit the orc warlord.
The orc warlord is heavily wounded.
The orc warlord hits you with a +0 great mace!!
The Shining One protects you from harm!
You slash the orc warlord!
The orc warlord is severely wounded.
You block the orc warlord's attack.
You hit the orc warlord.
You headbutt the orc warlord, but do no damage.
The orc warlord is severely wounded.
The orc warlord hits you with a +0 great mace!!
You die...

#...#.. #...#.. #...#..
#...'.. ######. ##. #..
############### #..
#.....o@).....# #.(
#......)......# ###
#...⌠.._..⌠...##########
#.............#..#......
#.....(8......#..#......
###8[8#####8)8##..'......
#...........[..)..#......
####.######..############
#.....................


You could see an orc warlord.

Vanquished Creatures
  A centaur warrior (D:9)
  A two-headed ogre (D:9)
  An ugly thing (D:9)
  A manticore (D:8)
  A centaur zombie (D:10)
  Maggie (D:8)
  A kobold demonologist (D:9)
  3 trolls
  A wraith (D:10)
  A water elemental (D:10)
  A wyvern (D:9)
  Duvessa (D:4)
  8 orc warriors
  2 sky beasts
  A wolf (D:10)
  6 centaurs
  5 ogres
  2 kobold brigands
  4 gnoll sergeants (D:5)
  2 bullfrogs
  Dowan (D:4)
  3 wights (D:7)
  An electric eel (D:7)
  4 gnoll shamans
  10 hounds
  A jelly (D:5)
  2 bullfrog skeletons
  4 orc priests
  3 iguanas
  6 orc wizards
  Natasha (D:4)
  2 killer bee zombies (D:8)
  A centaur simulacrum (D:9)
  3 hound skeletons
  33 gnolls
  7 adders
  A white imp (D:6)
  An adder skeleton (D:4)
  2 worms (D:2)
  A dart slug (D:1)
  54 orcs
  7 bats
  7 endoplasms
  2 giant cockroaches (D:1)
  7 goblins
  9 hobgoblins
  16 jackals
  16 kobolds
  A quokka (D:3)
  7 ball pythons
  5 rats
262 creatures vanquished.

Vanquished Creatures (others)
  38 plants (D:6)
38 creatures vanquished.

Grand Total: 300 creatures vanquished

Notes
Turn   | Place    | Note
-------+----------+-------------------------------------------
     0 | D:1      | hYBRISjENS the Minotaur Fighter began the quest for the
                  | Orb.
     0 | D:1      | Reached XP level 1. HP: 19/19 MP: 0/0
    68 | D:1      | Found a faded altar of an unknown god.
   246 | D:1      | Reached XP level 2. HP: 26/26 MP: 1/1
   251 | D:1      | Reached skill level 3 in Axes
   429 | D:1      | Reached skill level 1 in Spellcasting
   942 | D:1      | Reached XP level 3. HP: 30/31 MP: 3/3
  1334 | D:2      | Reached skill level 4 in Axes
  1934 | D:3      | Found Naussu's Assorted Antiques.
  1968 | D:3      | Reached XP level 4. HP: 39/39 MP: 4/4
  2230 | D:3      | Reached skill level 5 in Axes
  2432 | D:3      | Reached skill level 6 in Axes
  2432 | D:3      | Reached XP level 5. HP: 38/45 MP: 5/5
  2600 | D:3      | HP: 2/46 [gnoll (1)]
  3169 | D:4      | Noticed an ogre
  3265 | D:4      | Reached XP level 6. HP: 48/53 MP: 6/6
  3441 | D:4      | Noticed Duvessa
  3441 | D:4      | Noticed Dowan
  3447 | D:4      | Killed Duvessa
  3448 | D:4      | Reached skill level 5 in Fighting
  3448 | D:4      | Reached skill level 7 in Axes
  3451 | D:4      | Killed Dowan
  3912 | D:4      | Reached XP level 7. HP: 51/62 MP: 7/7
  4338 | D:4      | Reached skill level 8 in Axes
  4428 | D:4      | Noticed Natasha
  4432 | D:4      | Killed Natasha
  4712 | D:5      | Entered Level 5 of the Dungeon
  4795 | D:5      | Found Mateire's Antique Armour Boutique.
  5071 | D:5      | Reached XP level 8. HP: 66/73 MP: 8/8
  5132 | D:5      | Reached skill level 5 in Shields
  5340 | D:5      | Reached skill level 9 in Axes
  5642 | D:5      | Found a runed translucent gate.
  5643 | D:5      | Found a runed translucent gate.
  5644 | D:5      | Found a runed translucent gate.
  6379 | D:5      | Found a glowing golden altar of the Shining One.
  6386 | D:5      | Became a worshipper of the Shining One
  6654 | D:5      | Found Ameot's Assorted Antiques.
  6681 | D:5      | Noticed hemabe71's ghost (novice HuAr)
  7065 | D:6      | Reached skill level 10 in Axes
  7123 | D:6      | Found a staircase to the Ecumenical Temple.
  7163 | D:6      | Reached XP level 9. HP: 51/82 MP: 9/9
  8034 | D:7      | Found a shadowy altar of Dithmenos.
  8841 | D:8      | Noticed a manticore
  8857 | D:8      | Killed a manticore
  9494 | D:8      | Reached * piety under the Shining One
  9518 | D:8      | Noticed Maggie
  9532 | D:8      | Killed Maggie
  9533 | D:8      | Reached skill level 10 in Fighting
  9533 | D:8      | Reached skill level 11 in Axes
 10161 | D:8      | Found a faded altar of an unknown god.
 10161 | D:8      | Found a faded altar of an unknown god.
 10161 | D:8      | Found a hazy altar of Hepliaklqana.
 10161 | D:8      | Found a faded altar of an unknown god.
 10165 | D:8      | Reached skill level 1 in Maces & Flails
 10468 | D:9      | Noticed a two-headed ogre
 10881 | D:8      | HP: 2/86 [two-headed ogre (8)]
 11314 | D:9      | Noticed a centaur warrior
 11314 | D:9      | Noticed a troll
 11316 | D:9      | Noticed a brown ugly thing
 11317 | D:9      | Noticed a troll
 11412 | D:9      | Reached XP level 10. HP: 89/94 MP: 10/10
 11721 | D:9      | Killed a brown ugly thing
 11901 | D:9      | Found a staircase to the Orcish Mines.
 12125 | D:10     | Entered Level 10 of the Dungeon
 12156 | D:10     | Noticed a two-headed ogre
 12165 | D:10     | Noticed a deep elf pyromancer
 12169 | D:9      | Killed a two-headed ogre
 12170 | D:9      | Reached skill level 12 in Axes
 12170 | D:9      | Reached skill level 10 in Shields
 12198 | D:9      | Killed a centaur warrior
 12768 | D:10     | Reached ** piety under the Shining One
 12769 | D:10     | Reached XP level 11. HP: 59/104 MP: 11/11
 13175 | Orc:1    | Entered Level 1 of the Orcish Mines
 13294 | Orc:1    | Reached skill level 13 in Axes
 13296 | Orc:1    | Noticed an orc warlord
 13685 | D:9      | The Shining One protects you from harm!
 13687 | D:9      | Demolished by an orc warlord

Illustrated notes

Levels and vault maps discovered:
D:1:      dpeg_arrival_three_same_balls, layout_basic, basic_ecumenical_altar
D:2:      layout_rooms
D:3:      layout_basic, serial_shops, nicolae_diamond_shop
D:4:      layout_loops_corners, cheibrodos_sewer_entry_drain,
          wad_floor_pattern_untrapped, roderic_lattice_a, uniq_duvessa,
          uniq_natasha
D:5:      layout_cave_pools, tso_altar, serial_shops, nicolae_shop_crystal,
          serial_gnoll_camp, gnoll_camp_medium_01, gnoll_camp_huts_moat,
          gnoll_camp_mini_shop, gnoll_camp_mini_sergeant,
          gammafunk_ghost_necromancy
D:6:      layout_rooms, minmay_temple_entry_hall, serial_bayou_lagoon_a,
          kennysheep_small_square
D:7:      layout_loops_ring, mainiacjoe_overflow_alcove_4, fountainhead,
          minmay_tree_intersection, abandoned_shop
D:8:      layout_basic, nicolae_hepliaklqana_ecumenical_no_more, uniq_maggie
D:9:      layout_gridville, david_orc_5, grunt_tough_drop
D:10:     layout_loops_ring, lightli_temple_of_fire, erik_lair_island,
          serial_shops, nicolae_shop_temple_entry_statues_fountains,
          nicolae_underground_beach
Orc:1:    layout_caves, serial_shops, nicolae_square_shop, minmay_orc_barracks,
          uniq_sonja

Skill      XL: |  1  2  3  4  5  6  7  8  9 10 11 |
---------------+----------------------------------+-----
Axes           | 3 4 6 7 8 10 11 12 13 | 13.0
Spellcasting   | 1 |  1.0
Fighting       | 4 5 7 8 10 11 | 11.9
Shields        | 4 6 9 10 | 10.8
Maces & Flails | 2 |  2.0
Armour         | |  3.6

Action                   |  1- 3 |  4- 6 |  7- 9 | 10-12 || total
-------------------------+-------+-------+-------+-------++-------
Melee: War axe           |   106 |    86 |   255 |   127 ||   574
       Headbutt          |     9 |    14 |    56 |    34 ||   113
       Mace              |       |       |   100 |       ||   100
Invok: Divine Shield     |       |       |       |     1 ||     1
  Use: Scroll            |       |     8 |    12 |       ||    20
       Potion            |       |     3 |     5 |     1 ||     9
Armor: Scale mail        |    60 |    38 |   116 |       ||   214
       Acid dragon scale |       |       |    13 |    28 ||    41
Dodge: Dodged            |    32 |    27 |   125 |    30 ||   214
Block: Kite shield       |    69 |    50 |   198 |    71 ||   388

Table legend: (Time is in decaauts)
 A = Elapsed time spent in this place.
 B = Non-inter-level travel time spent in this place.
 C = Inter-level travel time spent in this place.
 D = Time resting spent in this place.
 E = Time spent auto-exploring this place.
 F = Levels seen in this place.
 G = Mean time per level.
                   A        B        C        D        E       F      G
               +--------+--------+--------+--------+--------+-----+--------+
         Total |  13934 |  13335 |    599 |   4808 |   6476 |  11 | 1266.7 |
       Dungeon |  13792 |  13193 |    599 |   4808 |   6382 |  10 | 1379.2 |
  Orcish Mines |    141 |    141 |      0 |      0 |     94 |   1 |  141.0 |
               +--------+--------+--------+--------+--------+-----+--------+

Top non-repeatable levels by time:
     D:9: 2382 daAuts
     D:5: 2202 daAuts
     D:8: 1819 daAuts
     D:4: 1689 daAuts
     D:3: 1225 daAuts
     D:7: 1151 daAuts
     D:1: 1143 daAuts
     D:6: 1018 daAuts
     D:2: 839 daAuts
    D:10: 322 daAuts
   Orc:1: 141 daAuts
